AoeStats
← aDiGe

Pilgrims

509929049Analyzed
4v4 RM · 3d ago on Sep 28, 2026· 70m 59s· 8 players
Game mode
Random Map
Map size
Large (8 player)
Population
200
Speed
Normal
Resources
Standard
Victory
Conquest
Starting age
Dark Age
Ending age
Imperial Age
RankedLock teamsTeams togetherTeam positionsShared explorationLock speedFull tech treeHidden civsTurbo modeCheats
Victory
Defeat
🇧🇪 Chinese · Belgium
910
+13
🇹🇷 Bohemians · Türkiye
904
+14
🇹🇷 Saracens · Türkiye
903
+14
🇹🇷 Goths · Türkiye
882
+14
🇨🇭 Celts · Switzerland
878
-15
🇺🇸 Khmer · United States
865
-14
🇵🇰 Mongols · Pakistan
839
-13
🇺🇸 Huns · United States
828
-31
CROOKED HILLARY
6:33 Loom
17:40 Feudal Age
18:10 Horse Collar
18:17 Double-Bit Axe
19:44 Wheelbarrow
19:00 Town Watch
22:30 Castle Age
20:29 Fishing Lines
23:40 Medium Warships
23:25 Gillnets
24:24 Bow Saw
24:24 Heavy Plow
37:28 Imperial Age
35:14 Hand Cart
34:44 Town Watch
37:37 Imperial Age
46:23 Crop Rotation
46:23 Bloodlines
46:14 Husbandry
45:35 Light Cavalry
47:20 Elite Battle Elephant
48:29 Conscription
48:10 Double Crossbow
47:32 Elite Ballista Elephant
48:13 Tusk Swords
49:10 Forging
48:51 Fletching
49:01 Padded Archer Armor
49:02 Scale Mail Armor
49:07 Scale Barding Armor
49:45 Ballistics
50:26 Chemistry
49:38 Masonry
49:24 Murder Holes
49:38 Hussar
50:22 Bodkin Arrow
61:32 Architecture
61:10 Siege Engineers
61:43 Iron Casting
61:09 Bracer
61:24 Leather Archer Armor
61:25 Chain Mail Armor
61:30 Chain Barding Armor
64:21 Caravan
Internet User
11:56 Feudal Age
17:09 Castle Age
15:17 Stone Mining
15:50 Man-at-Arms
16:43 Forging
16:33 Scale Mail Armor
16:22 Fishing Lines
17:27 Scale Mail Armor
18:06 Town Watch
18:57 Wheelbarrow
19:35 Stone Shaft Mining
19:19 Double-Bit Axe
20:06 Long Swordsman
20:47 Gillnets
24:58 Horse Collar
30:11 Iron Casting
29:51 Chain Mail Armor
29:38 Arson
29:41 Gambesons
30:24 Gold Mining
31:27 Hand Cart
30:59 Loom
31:01 Town Watch
30:39 Pikeman
32:20 Stronghold
36:07 Imperial Age
36:18 Elite Woad Raider
38:26 Two-Handed Swordsman
42:26 Champion
49:40 Halberdier
53:11 Heavy Plow
ethangoebel8
16:33 Feudal Age
17:50 Wheelbarrow
17:03 Fishing Lines
17:15 Horse Collar
18:47 Double-Bit Axe
25:51 Fletching
26:02 Padded Archer Armor
26:02 Scale Mail Armor
26:14 Forging
26:10 Scale Barding Armor
28:18 Castle Age
28:50 Loom
28:51 Town Watch
29:30 Gold Mining
29:46 Heavy Plow
30:03 Bow Saw
29:51 Stone Mining
30:30 Hand Cart
31:28 Bodkin Arrow
31:49 Leather Archer Armor
31:50 Chain Mail Armor
31:56 Chain Barding Armor
33:45 Coinage
40:47 Man-at-Arms
40:50 Pikeman
41:31 Squires
44:06 Imperial Age
41:51 Long Swordsman
43:51 Marauders
46:49 Elite Tarkan
47:02 Crossbowman
47:03 Elite Skirmisher
47:05 Heavy Cavalry Archer
47:52 Thumb Ring
47:13 Two-Handed Swordsman
53:51 Cavalier
sehal
13:23 Feudal Age
12:19 Loom
15:06 Double-Bit Axe
17:32 Castle Age
16:00 Fletching
16:31 Horse Collar
16:46 Stone Mining
20:50 Wheelbarrow
24:03 Bodkin Arrow
24:09 Padded Archer Armor
24:03 Gold Mining
24:34 Bow Saw
27:47 Thumb Ring
28:16 Bloodlines
28:32 Ballistics
30:39 Husbandry
30:56 Leather Archer Armor
31:27 Gold Shaft Mining
35:49 Imperial Age
35:50 Elite Mangudai
36:53 Conscription
36:19 Light Cavalry
37:09 Scale Barding Armor
37:07 Bracer
37:18 Forging
37:13 Scale Barding Armor
38:13 Chemistry
37:25 Murder Holes
36:58 Hussar
40:31 Parthian Tactics
43:46 Chain Barding Armor
44:02 Iron Casting
52:36 Caravan
57:26 Heavy Plow
58:33 Blast Furnace
61:22 Hand Cart
kerems
4:32 Loom
16:08 Feudal Age
18:20 Fishing Lines
21:47 Castle Age
19:49 Double-Bit Axe
19:49 Horse Collar
19:34 Man-at-Arms
21:07 Gold Mining
21:30 Stone Mining
21:47 Scale Mail Armor
22:52 Heavy Plow
22:45 Gillnets
23:28 Long Swordsman
24:08 Squires
32:30 Imperial Age
30:24 Forging
31:28 Bow Saw
32:26 Chain Mail Armor
32:53 Two-Handed Swordsman
34:20 Crop Rotation
35:11 Champion
35:14 Pikeman
38:36 Two-Man Saw
37:00 Halberdier
38:03 Conscription
38:51 Perfusion
40:13 Iron Casting
39:50 Masonry
40:43 Chemistry
43:04 Wheelbarrow
43:46 Blast Furnace
44:55 Architecture
59:31 Elite Huskarl
71:06 Anarchy
bundy
14:55 Feudal Age
16:29 Gold Mining
16:32 Double-Bit Axe
18:50 Castle Age
17:12 Fletching
17:22 Padded Archer Armor
17:29 Stone Mining
21:08 Bow Saw
21:22 Medium Warships
21:58 Wheelbarrow
21:29 Crossbowman
22:07 Bodkin Arrow
22:28 Leather Archer Armor
23:18 Hand Cart
22:32 Elite Skirmisher
28:09 Murder Holes
28:35 Ballistics
33:10 Horse Collar
38:55 Imperial Age
41:02 Rocketry
40:03 Elite Chu Ko Nu
40:48 Bracer
41:18 Ring Archer Armor
41:56 Heavy Plow
43:44 Thumb Ring
44:43 Chemistry
45:30 Two-Man Saw
50:18 Fortified Wall
52:24 Heavy Rocket Cart
54:19 Great Wall
62:12 Stone Shaft Mining
69:59 Masonry
70:08 Capped Ram
aDiGe
6:25 Loom
17:11 Feudal Age
18:09 Double-Bit Axe
22:13 Padded Archer Armor
22:04 Fletching
27:08 Castle Age
27:59 Bow Saw
28:29 Leather Archer Armor
28:09 Bodkin Arrow
30:43 Chemistry
30:03 Ballistics
29:39 Murder Holes
31:01 Caravan
35:05 Imperial Age
34:32 Wagenburg Tactics
36:09 Conscription
37:29 Two-Man Saw
37:21 Elite Hussite Wagon
39:16 Houfnice
fbaha
5:36 Loom
14:12 Feudal Age
18:10 Gold Mining
18:10 Stone Mining
19:41 Wheelbarrow
21:31 Double-Bit Axe
21:27 Horse Collar
24:25 Castle Age
25:32 Bow Saw
25:23 Heavy Plow
27:41 Fervor
27:54 Hand Cart
30:58 Scale Barding Armor
30:53 Scale Mail Armor
31:03 Forging
32:26 Chain Barding Armor
32:21 Chain Mail Armor
33:58 Gold Shaft Mining
34:13 Husbandry
37:17 Imperial Age
36:45 Iron Casting
36:25 Chain Mail Armor
37:07 Murder Holes
37:23 Fortified Wall
38:29 Conscription
38:02 Elite Mameluke
41:22 Chemistry
40:42 Ballistics
41:52 Plate Barding Armor
41:47 Plate Mail Armor
42:17 Blast Furnace
43:26 Plate Mail Armor
49:57 Town Watch
51:37 Two-Man Saw
55:54 Caravan
67:20 Town Patrol
69:53 Counterweights
Connection lost

Rejoining the realm…

Still unreachable

The connection could not be restored.

Session expired

The server has moved on; the page needs a fresh start.